 Dungeon Crawl Stone Soup version 0.27-a0-406-g23f261fbd2 (webtiles) character file.

Game seed: 17259127998226250837

178 vurker the Magician (level 5, -3/29 HPs)
             Began as a Deep Elf Air Elementalist on Feb 22, 2021.
             Killed from afar by an orc wizard (10 damage)
             ... with a puff of flame
             ... on level 3 of the Dungeon.
             The game lasted 00:02:51 (2728 turns).

vurker the Magician (Deep Elf Air Elementalist)     Turns: 2728, Time: 00:02:51

Health: -3/29      AC:  3    Str:  5    XL:     5   Next: 32%
Magic:  6/14       EV: 12    Int: 21    God:
Gold:   163        SH:  4    Dex: 15    Spells: 3/13 levels left

rFire    . . .     SeeInvis .   d - +0 dagger
rCold    . . .     Faith    .   j - +0 buckler
rNeg     . . .     Spirit   .   a - +0 robe
rPois    .         Reflect  .   (no helmet)
rElec    .         Harm     .   h - +0 cloak
rCorr    .         Rampage  .   (no gloves)
Will     .....                  (no boots)
Stlth    ++........             (no amulet)
HPRegen  0.09/turn              (no ring)
MPRegen  0.14/turn              (no ring)

@: no status effects
A: no striking features
a: no special abilities


You were on level 3 of the Dungeon.
You visited 1 branch of the dungeon, and saw 3 of its levels.

You collected 163 gold pieces.

Inventory:

Hand Weapons
 d - a +0 dagger (weapon)
   (You took it off a kobold on level 1 of the Dungeon)
Armour
 a - a +0 robe (worn)
 h - a +0 cloak (worn)
   (You found it on level 2 of the Dungeon)
 j - a +0 buckler (worn)
   (You found it on level 2 of the Dungeon)
Wands
 u - a wand of paralysis (2)
   (You took it off Ijyb on level 3 of the Dungeon)
Scrolls
 b - 3 scrolls of teleportation {unknown}
 c - 3 scrolls of identify {unknown}
 f - 2 scrolls of magic mapping {unknown}
 g - a scroll of amnesia {unknown}
 k - a scroll of enchant armour {unknown}
Potions
 e - a potion of resistance {unknown}
 i - a potion of ambrosia {unknown}
 l - a potion of magic {unknown}
 m - a potion of attraction {unknown}
 n - a potion of heal wounds {unknown}
 o - a potion of flight {unknown}
 p - a potion of curing


   Skills:
 + Level 1.3 Fighting
 - Level 2.4 Dodging
 - Level 2.4 Stealth
 * Level 1.2 Shields
 * Level 4.7 Spellcasting
 + Level 2.2 Conjurations
 * Level 4.1 Air Magic


You had 3 spell levels left.
You knew the following spells:

 Your Spells              Type           Power        Failure   Level
a - Shock                 Conj/Air       72%          4%          1
b - Lightning Bolt        Conj/Air       9%           75%         5
c - Airstrike             Air            11%          28%         4

Your spell library contained the following spells:

 Spells                   Type           Power        Failure   Level
 Swiftness                Air            22%          4%          2
 Magic Dart               Conj           56%          6%          1
 Static Discharge         Conj/Air       18%          13%         3
 Summon Small Mammal      Summ           20%          16%         1
 Mephitic Cloud           Conj/Pois/Air  13%          21%         3
 Blink                    Tloc           N/A          24%         2
 Call Imp                 Summ           5%           24%         2
 Slow                     Hex            5%           24%         2
 Conjure Flame            Conj/Fire      9%           30%         3
 Call Canine Familiar     Summ           5%           43%         3
 Summon Guardian Golem    Hex/Summ       5%           43%         3
 Summon Lightning Spire   Summ/Air       13%          54%         4
 Summon Ice Beast         Ice/Summ       5%           83%         4


Dungeon Overview and Level Annotations

Branches:
Dungeon (3/15)

Altars:
Elyvilon
Gozag


Message History

The zap hits the orc!
You kill the orc!
You can't see any susceptible monsters within range! (Use Z to cast anyway.)
Found 19 stones.
Things that are here:
a +0 mace; a +0 leather armour
Things that are here:
a +0 hand axe; a +0 leather armour An orc and an orc wizard come into view.
The orc moves out of view.
You see here a +0 dagger.
An orc wizard is nearby!
An orc wizard is nearby!
Aim: an orc wizard, wielding a +0 dagger and wearing a +0 robe (wandering, hasn't noticed you, 36% to evade)
The zap misses the orc wizard.
The orc wizard shouts!
You hear a shout! x2
Aim: an orc wizard, wielding a +0 dagger and wearing a +0 robe (36% to evade)
The zap hits the orc wizard but does no damage.
Aim: an orc wizard, wielding a +0 dagger and wearing a +0 robe (36% to evade)
The zap hits the orc wizard.
The zap hits the orc.
The orc wizard casts a spell at you. The magic dart hits you!
Aim: an orc wizard, wielding a +0 dagger and wearing a +0 robe (heavily wounded, 36% to evade)
The zap hits the orc wizard.
The orc wizard gestures at you while chanting.
The magic dart hits you.
An orc comes into view. It is wielding a +0 short sword.
Aim: an orc wizard, wielding a +0 dagger and wearing a +0 robe (severely wounded, 36% to evade)
The zap hits the orc wizard.
Aim: an orc, wielding a +0 short sword (severely wounded, 29% to evade)
The zap misses the orc.
Aim: an orc, wielding a +0 short sword (severely wounded, 29% to evade)
The zap misses the orc.
Aim: an orc, wielding a +0 short sword (severely wounded, 29% to evade)
The zap hits the orc.
You kill the orc!
The zap hits the orc wizard.
The zap misses the orc wizard.
The zap hits the orc.
The orc wizard hits you but does no damage.
You hit the orc wizard. The orc wizard casts a spell at you.
The magic dart hits you!
* * * LOW HITPOINT WARNING * * *
The orc hits you with a +0 short sword.
* * * LOW HITPOINT WARNING * * *
Things that are here:
a +0 hand axe; a +0 leather armour The orc wizard casts a spell at you.
The puff of flame hits you!
You die...

##### #...# ( #...# #.#
#...# #...###...## ..
#......o)#....
.##########.))o.......
...........@...#......
#.........##....#...
.###)....##)#### ##
#..)......####
#.....>......#
#....†..#....
##.....#..##.
.###.......####..
#............†..........
..


You could see an orc wizard and an orc.

Vanquished Creatures
  A bullfrog (D:3)
  Ijyb (D:3)
  An adder (D:2)
  An ooze (D:1)
  2 dart slugs
  4 leopard geckos
  6 orcs (D:3)
  A giant cockroach (D:1)
  4 goblins
  7 hobgoblins
  5 jackals (D:1)
  8 kobolds
  3 quokkas
  2 ball pythons
  7 bats
  3 frilled lizards
  9 rats
65 creatures vanquished.

Notes
Turn   | Place    | Note
-------+----------+-------------------------------------------
     0 | D:1      | vurker the Deep Elf Air Elementalist began the quest for
                  | the Orb.
     0 | D:1      | Reached XP level 1. HP: 10/10 MP: 6/6
   217 | D:1      | Reached XP level 2. HP: 15/15 MP: 2/8
   634 | D:1      | Reached XP level 3. HP: 8/20 MP: 0/10
  1377 | D:2      | Found a white marble altar of Elyvilon.
  1787 | D:2      | Found an opulent altar of Gozag.
  2067 | D:2      | Reached skill level 1 in Fighting
  2067 | D:2      | Reached XP level 4. HP: 25/25 MP: 9/12
  2285 | D:3      | Noticed Ijyb
  2310 | D:3      | Killed Ijyb
  2383 | D:3      | Noticed a bullfrog
  2395 | D:3      | Killed a bullfrog
  2396 | D:3      | Reached skill level 1 in Shields
  2396 | D:3      | Reached XP level 5. HP: 21/29 MP: 5/14
  2492 | D:3      | Learned a level 5 spell: Lightning Bolt
  2497 | D:3      | Learned a level 4 spell: Airstrike
  2728 | D:3      | Killed from afar by an orc wizard

Illustrated notes

Levels and vault maps discovered:
D:1:      erik_arrival_orb_chamber, layout_rooms
D:2:      layout_basic, lemuel_crystal_altar, nicolae_overflow_hidden_temple
D:3:      layout_rooms, uniq_ijyb

Skill      XL: |  1  2  3  4 |
---------------+-------------+-----
Spellcasting   | 4 |  4.7
Fighting       | 1 |  1.3
Conjurations   | 2 |  2.2
Shields        | 1 |  1.2
Air Magic      | 4 |  4.1
Dodging        | |  2.4
Stealth        | |  2.4

Action                   |  1- 3 |  4- 6 || total
-------------------------+-------+-------++-------
Melee: Unarmed           |    18 |       ||    18
       Dagger            |       |     6 ||     6
 Cast: Shock             |    89 |    57 ||   146
Armor: Robe              |     2 |     1 ||     3
Dodge: Dodged            |    13 |     4 ||    17
Block: Buckler           |       |     1 ||     1

Table legend: (Time is in decaauts)
 A = Elapsed time spent in this place.
 B = Non-inter-level travel time spent in this place.
 C = Inter-level travel time spent in this place.
 D = Time resting spent in this place.
 E = Time spent auto-exploring this place.
 F = Levels seen in this place.
 G = Mean time per level.
                   A        B        C        D        E       F      G
               +--------+--------+--------+--------+--------+-----+--------+
         Total |   2727 |   2648 |     79 |      0 |   2324 |   3 |  909.0 |
       Dungeon |   2727 |   2648 |     79 |      0 |   2324 |   3 |  909.0 |
               +--------+--------+--------+--------+--------+-----+--------+

Top non-repeatable levels by time:
     D:1: 1169 daAuts
     D:2: 1055 daAuts
     D:3: 502 daAuts
